 Dungeon Crawl Stone Soup version 0.27-a0-972-gd1521fd518 (webtiles) character file.

Game seed: 14327529961106119342

8 Alarkh the Insei (level 2, 18/21 HPs)
             Began as a Demonspawn Transmuter on Apr 13, 2021.
             Got out of the dungeon alive.
             The game lasted 00:00:15 (187 turns).

Alarkh the Insei (Demonspawn Transmuter)             Turns: 187, Time: 00:00:15

Health: 18/21      AC:  2    Str: 10    XL:     2   Next: 0%
Magic:  5/5        EV: 12    Int: 14    God:
Gold:   0          SH:  0    Dex: 13    Spells: 4/5 levels left

rFire    . . .     SeeInvis .     - Unarmed
rCold    . . .     Faith    .   (no shield)
rNeg     . . .     Spirit   .   a - +0 robe
rPois    .         Reflect  .   (no helmet)
rElec    .         Harm     .   (no cloak)
rCorr    .         Rampage  .   (no gloves)
Will     .....                  (no boots)
Stlth    +.........             (no amulet)
HPRegen  0.07/turn              (no ring)
MPRegen  0.18/turn              (no ring)

@: no status effects
A: magic regeneration
a: no special abilities


You escaped.
You visited 1 branch of the dungeon, and saw 1 of its levels.

Inventory:

Armour
 a - a +0 robe (worn)
Scrolls
 b - a scroll of vulnerability {unknown}


   Skills:
 + Level 1.2 Fighting
 - Level 1.7 Dodging
 * Level 2.9 Unarmed Combat
 + Level 2.1 Spellcasting
 + Level 1.9 Transmutations


You had 4 spell levels left.
You knew the following spells:

 Your Spells              Type           Power      Damage    Failure   Level
a - Beastly Appendage     Tmut           12%        N/A       11%         1

Your spell library contained the following spells:

 Spells                   Type           Power      Damage    Failure   Level
 Wereblood                Tmut           6%         N/A       16%         2
 Spider Form              Tmut/Pois      2%         N/A       43%         3
 Ice Form                 Ice/Tmut       4%         N/A       83%         4
 Hydra Form               Tmut           3%         N/A       96%         5


Dungeon Overview and Level Annotations

Branches:
Dungeon (1/15)

Altars:


Innate Abilities, Weirdness & Mutations

You regenerate magic rapidly.


Message History

A kobold is nearby!
A kobold is nearby!
A kobold is nearby!
Casting: Beastly Appendage (safe; 11% risk of failure)
Confirm with . or Enter, or press ? or * to list all spells.
You grow a pair of large bovine horns.
Your feet morph into talons.
The kobold shouts!
The kobold throws a stone.
The stone hits you but does no damage.
Unknown command.
A frilled lizard comes into view.
The kobold throws a stone.
The stone misses you.
Your transformation is almost over.
The kobold barely misses you.
You barely miss the kobold. Your kick misses the kobold.
The kobold barely misses you.
You barely miss the kobold. The kobold barely misses you.
You hit the kobold.
You kill the kobold!
You closely miss the frilled lizard. Your kick misses the frilled lizard.
The frilled lizard bites you.
You closely miss the frilled lizard. Your kick misses the frilled lizard.
Your headbutt misses the frilled lizard.
The frilled lizard bites you.
You barely miss the frilled lizard. Your kick misses the frilled lizard.
Your headbutt misses the frilled lizard.
The frilled lizard closely misses you.
You miss the frilled lizard. Your kick misses the frilled lizard.
You headbutt the frilled lizard.
You kill the frilled lizard!
You have reached level 2!
Your demonic ancestry asserts itself...
Your magic begins to regenerate rapidly.
Unknown command.
Your horns disappear.
Your talons disappear.
You see here a bat corpse.
You enter the shallow water.
Moving in this stuff is going to be slow.
There is a staircase leading out of the dungeon here.
Are you sure you want to leave the Dungeon?
This will make you lose the game!
You have escaped!

##..≈.....≈.#
#.........≈.###
#.≈≈≈≈≈...≈.#..
#.≈..>≈...≈.#.#
#.≈.≈.....≈.#.#
#.≈.≈≈≈≈≈.≈.#.# #.#
#.≈.....≈.≈.#.# #.#.(
#.≈...≈@..≈.#.# #.#.#
#.≈...≈≈≈≈≈.#'###.#.#
..≈.............#.#.#
..≈.....≈.##....#.#.#
..≈≈≈≈≈≈≈.##....#.#.#
..........###.###.#.#
..........# #...†...#
########..###.###.###
........# #.#


There were no monsters in sight!

Vanquished Creatures
  2 hobgoblins (D:1)
  2 bats (D:1)
  A frilled lizard (D:1)
  A kobold (D:1)
  3 rats (D:1)
9 creatures vanquished.

Notes
Turn   | Place    | Note
-------+----------+-------------------------------------------
     0 | D:1      | Alarkh the Demonspawn Transmuter began the quest for the
                  | Orb.
     0 | D:1      | Reached XP level 1. HP: 15/15 MP: 3/3
    91 | D:1      | Found a faded altar of an unknown god.
   147 | D:1      | Gained mutation: You regenerate magic rapidly. [demonic
                  | ancestry]
   147 | D:1      | Reached XP level 2. HP: 15/21 MP: 3/5
   187 | D:$      | Got out of the dungeon alive.

Illustrated notes

Levels and vault maps discovered:
D:1:      ebering_trefoil_twist, layout_basic,
          shapermc_ecumenical_altar_mp_urbaneastern, hangedman_feature_mirror,
          minmay_cut_off

Action                   || total
-------------------------++-------
Melee: Unarmed           ||    28
       Kick              ||     4
       Headbutt          ||     2
       Punch             ||     1
 Cast: Beastly Appendage ||     5
Armor: Robe              ||     4
Dodge: Dodged            ||    22

Table legend: (Time is in decaauts)
 A = Elapsed time spent in this place.
 B = Non-inter-level travel time spent in this place.
 C = Inter-level travel time spent in this place.
 D = Time resting spent in this place.
 E = Time spent auto-exploring this place.
 F = Levels seen in this place.
 G = Mean time per level.
                   A        B        C        D        E       F      G
               +--------+--------+--------+--------+--------+-----+--------+
         Total |    186 |    147 |     39 |      0 |     93 |   1 |  186.0 |
       Dungeon |    186 |    147 |     39 |      0 |     93 |   1 |  186.0 |
               +--------+--------+--------+--------+--------+-----+--------+

Top non-repeatable levels by time:
     D:1: 186 daAuts
